 Dungeon Crawl Stone Soup version 0.24-a0-582-g4d4af813a0 (webtiles) character file.

Game seed: 10079731017690586451

11881 MordorOrchid the Gouger (level 11, -6/51 HPs)
             Began as a Felid Berserker on Aug 27, 2019.
             Was the Champion of Trog.
             Mangled by a two-headed ogre
             ... wielding a +0 giant spiked club
              (22 damage)
             ... on level 12 of the Dungeon.
             The game lasted 00:51:39 (9872 turns).

MordorOrchid the Gouger (Felid Berserker)           Turns: 9872, Time: 00:51:40

Health: -6/51      AC:  2    Str: 14    XL:     11   Next: 55%
Magic:  0/18       EV: 29    Int: 10    God:    Trog [******]
Gold:   815        SH:  0    Dex: 20    Spells: 10/10 levels left
                                        Lives:  0   Deaths: 3

rFire    . . .     SeeInvis +     - Unarmed
rCold    . . .     Gourm    .   (shield unavailable)
rNeg     . . .     Faith    .   (armour unavailable)
rPois    .         Spirit   +   (helmet unavailable)
rElec    .         Reflect  .   (cloak unavailable)
rCorr    .         Harm     .   (gloves unavailable)
MR       +....                  (boots unavailable)
Stlth    +++++.....             k - amulet of guardian spirit
HPRegen  0.17/turn              n - +3 ring of dexterity
MPRegen  0.16/turn              v - +5 ring of slaying

@: berserk cooldown, slowed, slow
A: very small, no armour, no weapons or thrown items, stealth, claws 1, fangs 3,
see invisible, carnivore, speed 1, shaggy fur 2, slow metabolism 1, sharp paws
a: Berserk, Trog's Hand, Brothers in Arms, Renounce Religion


You were on level 12 of the Dungeon.
You worshipped Trog.
Trog was exalted by your worship.
You were very full.

You visited 1 branch of the dungeon, and saw 13 of its levels.
You also visited: Ossuary.

You collected 815 gold pieces.

Inventory:

Jewellery
 g - an uncursed ring of wizardry
 k - an amulet of guardian spirit (around neck)
 n - a +3 ring of dexterity (left paw)
 v - a +5 ring of slaying (right paw)
 w - an uncursed ring of ice
 G - an uncursed ring of ice
Wands
 i - a wand of paralysis (6)
 l - a wand of polymorph (9)
 B - a wand of flame (25)
 F - a wand of random effects (6)
Scrolls
 b - a scroll of holy word {unknown}
 d - 9 scrolls of remove curse
 h - a scroll of blinking {unknown}
 j - 4 scrolls of teleportation
 r - a scroll of magic mapping
 u - a scroll of noise {unknown}
 y - a scroll of fear {unknown}
 C - a scroll of immolation
 E - a scroll of fog
Potions
 c - a potion of heal wounds
 e - 3 potions of curing
 m - a potion of invisibility {unknown}
 o - 2 potions of agility
 p - 4 potions of flight
 q - a potion of might {unknown}
 s - 2 potions of cancellation
 t - a potion of brilliance
 x - a potion of mutation
 z - 2 potions of lignification
 A - a potion of resistance
 D - a potion of berserk rage
Miscellaneous
 I - a fan of gales
Comestibles
 a - 17 rations
 f - 9 chunks of flesh


   Skills:
 * Level 8.1 Fighting
 * Level 11.5 Dodging
 + Level 11.2 Stealth
 + Level 13.4 Unarmed Combat
 - Level 9.0 Evocations


You had 10 spell levels left.
You didn't know any spells.
Your spell library contained the following spells:

 Spells                   Type           Power        Failure   Level  Hunger
 Corona                   Hex            #......      36%         1    ##.....
 Freeze                   Ice            #...         36%         1    ##.....
 Magic Dart               Conj           #...         36%         1    ##.....
 Corpse Rot               Necr           N/A          50%         2    ###....
 Ensorcelled Hibernation  Hex/Ice        #.....       50%         2    ###....
 Searing Ray              Conj           #.....       50%         2    ###....
 Sublimation of Blood     Necr           #.........   50%         2    ###....
 Throw Frost              Conj/Ice       #.....       50%         2    ###....
 Call Canine Familiar     Summ           #.......     75%         3    ####...
 Confuse                  Hex            #.......     75%         3    ####...
 Dazzling Spray           Conj/Hex       #.....       75%         3    ####...
 Ozocubu's Armour         Chrm/Ice       #.......     75%         3    ####...
 Tukima's Dance           Hex            #.......     75%         3    ####...
 Force Lance              Conj/Tloc      #.......     98%         4    #####..
 Fulminant Prism          Conj/Hex       #.........   98%         4    #####..
 Iskenderun's Mystic Bla  Conj           #.......     98%         4    #####..
 Summon Ice Beast         Ice/Summ       #.......     98%         4    #####..
 Throw Icicle             Conj/Ice       #.......     98%         4    #####..
 Agony                    Necr           #.......     100%        5    ######.
 Aura of Abjuration       Summ           #.........   100%        5    ######.
 Bolt of Draining         Conj/Necr      #.........   100%        5    ######.
 Dispel Undead            Necr           #.......     100%        5    ######.
 Summon Demon             Summ           #.........   100%        5    ######.
 Simulacrum               Ice/Necr       #.........   100%        6    #######
 Spellforged Servitor     Conj/Summ      #.........   100%        7    #######
 Summon Hydra             Summ           #.........   100%        7    #######
 Shatter                  Erth           #.........   100%        9    #######
 Excruciating Wounds      Chrm/Necr      Unusable     N/A         5    N/A

Dungeon Overview and Level Annotations

Branches:
Dungeon (13/15)            Temple (0/1) D:7            Lair (0/6) D:11
    Orc (0/2) D:10        Ossuary (visited)
 Vaults: D:13-14

Altars:
Elyvilon
Fedhas
Kikubaaqudgha
Nemelex Xobeh
Sif Muna
Xom

Annotations:
D:8 exclusions: upstairs and 1 more exclusion
D:13 Jorgrun


Innate Abilities, Weirdness & Mutations

You cannot wear armour.
You are incapable of wielding weapons or throwing items.
Your paws allow you to move quietly. (Stealth)
You have sharp claws.
You have razor-sharp teeth.
You have supernaturally acute eyesight. (SInv)
You are carnivorous and can eat meat at any time.
You cover ground quickly.
You are covered in thick fur. (AC +2)
You have a slow metabolism.
Your sharp claws are effective at attacking unaware monsters.


Message History

The iron shot misses you.
You feel a strong urge to attack something.
The two-headed ogre closely misses you.
The two-headed ogre completely misses you.
The yaktaur completely misses you.
There is a stone staircase leading up here.
You see here a bolt.
You feel your anger nearly subside.
You are no longer berserk.
You are exhausted.
You feel yourself slow down. The bullfrog completely misses you.
The two-headed ogre hits you with a +0 giant spiked club!
* * * LOW HITPOINT WARNING * * *
The two-headed ogre barely misses you.
You climb upwards.
There is a stone staircase leading down, spattered with blood here.
Okay, then.
You feel much better. The bullfrog hits you!
The bullfrog completely misses you.
The two-headed ogre hits you with a +0 giant spiked club!!
You die...

##...# #.# #.##.....## ##.## #.#
#.###.#.## #.# #.# #.# #.#.# #.#
#.# #.# #.#.### #.# #.# #.#
#.#.... #.# #.# #.# #.##### #.#
#########.# #.# #.#
#.####....>..F.######.###.#####
###..........[..@O...............
.............###......#####.#####
###.#.##.....# #.###### ##.#
##.###.#.....# #.# #..# ..##
##รท###### #.# #.## ## ##.###.##
#.#########.# #. ##.#.##
#...........# #. ##.##
##########[.#####. # #.#
#..##....


You could see a two-headed ogre and a bullfrog.

Vanquished Creatures
  A yaktaur captain (D:13)
  Fannar (D:10)
  2 two-headed ogres
  A tengu warrior (D:10)
  2 wizards (D:11)
  2 ugly things
  3 deep elf magi (D:11)
  2 cyclopes (D:12)
  Psyche (D:10)
  A gargoyle (D:10)
  A yaktaur (D:13)
  5 trolls
  3 hornets
  Grinder (D:5)
  3 hippogriffs
  A shadow (D:12)
  10 yaks
  2 fire elementals (D:11)
  2 wraiths
  2 vampire mosquitoes (D:12)
  5 hungry ghosts
  A porcupine (D:11)
  A two-headed ogre zombie (D:10)
  6 orc warriors
  3 sky beasts
  2 black bears (D:11)
  An ice beast (D:11)
  An eye of draining (D:12)
  6 ogres
  3 phantoms
  5 centaurs
  2 crocodiles
  A big kobold (D:9)
  10 bullfrogs
  5 scorpions
  A troll zombie (D:10)
  5 killer bees (D:12)
  7 howler monkeys
  3 crimson imps
  3 centaur zombies
  2 bullfrog zombies
  3 centaur skeletons
  6 orc priests
  4 hounds
  2 jellies
  9 orc wizards
  3 bullfrog skeletons
  6 iguanas
  4 worker ants
  6 ogre zombies (D:10)
  2 hound zombies
  A hound skeleton (D:7)
  A mummy (Ossuary)
  A worker ant zombie (D:10)
  4 gnolls (D:4)
  11 adders
  4 shadow imps
  An ooze (D:1)
  2 adder skeletons
  4 worms
  2 dart slugs (D:1)
  6 leopard geckos
  48 orcs
  2 giant cockroaches
  12 goblins
  6 hobgoblins
  10 jackals
  6 quokkas
  9 bats
  5 frilled lizards
  4 gnoll skeletons (Ossuary)
  2 goblin skeletons (D:10)
  2 goblin zombies (D:10)
  2 hobgoblin zombies (D:10)
  7 kobolds
  13 kobold skeletons (Ossuary)
  15 orc skeletons
  12 orc zombies (D:10)
  A quokka zombie (D:8)
  8 rats
  A plant (D:11)
366 creatures vanquished.

Vanquished Creatures (collateral kills)
  A troll (D:12)
  A vampire (D:12)
  6 yaks (D:12)
8 creatures vanquished.

Vanquished Creatures (others)
  A fungus (D:11)
1 creature vanquished.

Grand Total: 375 creatures vanquished

Notes
Turn   | Place    | Note
-------+----------+-------------------------------------------
     0 | D:1      | MordorOrchid the Felid Berserker began the quest for the
                  | Orb.
     0 | D:1      | Reached XP level 1. HP: 10/10 MP: 2/2
    11 | D:1      | Reached skill level 1 in Stealth
   101 | D:1      | Reached XP level 2. HP: 14/14 MP: 3/3
   277 | D:1      | Reached XP level 3. HP: 16/17 MP: 4/4
   282 | D:1      | Reached ** piety under Trog
   555 | D:2      | Found a blossoming altar of Fedhas.
   662 | D:2      | Found a sparkling altar of Nemelex Xobeh.
   754 | D:2      | Found a white marble altar of Elyvilon.
   902 | D:2      | Reached skill level 5 in Stealth
  1048 | D:2      | Reached XP level 4. HP: 21/21 MP: 5/5
  1501 | D:3      | Reached skill level 1 in Evocations
  1501 | D:3      | Reached XP level 5. HP: 24/24 MP: 6/6
  1599 | D:3      | Found an ancient bone altar of Kikubaaqudgha.
  2605 | D:4      | Reached *** piety under Trog
  2605 | D:4      | Reached skill level 4 in Unarmed Combat
  2683 | D:4      | Gained mutation: You are covered in thick fur. (AC +2)
                  | [Felid growth]
  2683 | D:4      | Reached XP level 6. HP: 28/28 MP: 8/8
  3234 | D:5      | Entered Level 5 of the Dungeon
  3241 | D:5      | Reached skill level 5 in Dodging
  3241 | D:5      | Reached skill level 5 in Unarmed Combat
  3578 | D:5      | Reached XP level 7. HP: 24/31 MP: 10/10
  3733 | D:5      | Noticed Grinder
  3916 | D:5      | Reached skill level 6 in Unarmed Combat
  4051 | D:5      | Reached **** piety under Trog
  4194 | D:5      | Killed Grinder
  4253 | D:5      | Reached skill level 7 in Unarmed Combat
  4253 | D:5      | Reached XP level 8. HP: 34/34 MP: 11/11
  4928 | D:7      | Found a staircase to the Ecumenical Temple.
  5011 | D:7      | Reached skill level 8 in Unarmed Combat
  5155 | D:7      | Reached XP level 9. HP: 25/39 MP: 10/13
  5457 | D:8      | Reached ***** piety under Trog
  5550 | D:8      | You fall into a shaft and drop 3 floors!
  5568 | D:11     | Reached skill level 5 in Evocations
  5582 | D:10     | Entered Level 10 of the Dungeon
  5590 | D:10     | Noticed Psyche
  5599 | D:10     | Killed Psyche
  5599 | D:10     | Reached skill level 9 in Unarmed Combat
  5600 | D:10     | Noticed a two-headed ogre
  5607 | D:10     | Slain by a two-headed ogre
  5608 | D:10     | Reached XP level 8. HP: -4/54 MP: 0/12
  5807 | D:8      | Found a sand-covered staircase.
  5812 | Ossuary  | Entered an ossuary
  6248 | D:9      | Reached skill level 5 in Fighting
  6344 | D:9      | Found a shimmering blue altar of Sif Muna.
  6345 | D:9      | Found a shimmering altar of Xom.
  6441 | D:9      | Noticed a hippogriff
  6455 | D:9      | Reached XP level 9. HP: 40/40 MP: 14/14
  6522 | D:10     | Noticed a gargoyle
  6525 | D:10     | Killed a gargoyle
  6525 | D:10     | Reached skill level 10 in Unarmed Combat
  6569 | D:10     | Killed a two-headed ogre
  6569 | D:10     | Noticed a troll
  6630 | D:10     | Killed a troll
  6704 | D:10     | Reached XP level 10. HP: 35/45 MP: 11/15
  6974 | D:10     | Found a staircase to the Orcish Mines.
  7027 | D:10     | Reached skill level 11 in Unarmed Combat
  7072 | D:10     | Reached ****** piety under Trog
  7075 | D:10     | Noticed Fannar
  7126 | D:10     | Killed Fannar
  7314 | D:10     | You fall into a shaft and drop 3 floors!
  7330 | D:13     | Noticed a yaktaur captain
  7395 | D:13     | Noticed a centaur warrior
  7395 | D:13     | HP: 1/46 [centaur/arrow[a centaur warrior] (12)]
  7397 | D:13     | Shot with an arrow by a centaur warrior
  7398 | D:13     | Reached XP level 9. HP: -3/42 MP: 0/15
  7427 | D:12     | Noticed a troll
  7455 | D:12     | Killed a troll
  7455 | D:12     | Reached skill level 10 in Dodging
  7459 | D:12     | Reached XP level 10. HP: 46/46 MP: 16/16
  7597 | D:11     | Noticed a purple ugly thing
  7599 | D:11     | Killed a purple ugly thing
  7659 | D:11     | Noticed a deep elf mage
  7728 | D:10     | Noticed a tengu warrior
  7734 | D:10     | Killed a tengu warrior
  7734 | D:10     | Reached skill level 12 in Unarmed Combat
  7988 | D:11     | Noticed a deep elf mage
  7999 | D:11     | Killed a deep elf mage
  7999 | D:11     | Reached skill level 10 in Stealth
  8032 | D:11     | Found a staircase to the Lair.
  8211 | D:11     | Noticed a deep elf mage
  8233 | D:11     | Killed a deep elf mage
  8233 | D:11     | Reached XP level 11. HP: 50/50 MP: 17/17
  8290 | D:11     | HP: 1/50 [deep elf mage/orb of energy (21)]
  8290 | D:11     | Killed from afar by a battlesphere
  8291 | D:11     | Reached XP level 10. HP: -13/47 MP: 0/17
  8356 | D:11     | Noticed a wizard
  8360 | D:11     | Noticed a wizard
  8364 | D:11     | Killed a wizard
  8370 | D:11     | Killed a wizard
  8381 | D:11     | Identified the Volume of the Supportive Rocks
  8383 | D:11     | Identified the Incunabulum of Frigorific Summoning
  8451 | D:11     | Killed a deep elf mage
  8608 | D:11     | Found Xaufib's Jewellery Boutique.
  8864 | D:12     | Noticed a two-headed ogre
  8872 | D:12     | Killed a two-headed ogre
  8957 | D:12     | Noticed a cyclops
  8969 | D:12     | Killed a cyclops
  9096 | D:12     | Reached XP level 11. HP: 36/51 MP: 13/18
  9185 | D:12     | Reached skill level 13 in Unarmed Combat
  9280 | D:12     | Noticed a purple ugly thing
  9304 | D:12     | Killed a purple ugly thing
  9784 | D:13     | Noticed a two-headed ogre
  9828 | D:13     | Noticed Jorgrun
  9866 | D:13     | Killed a yaktaur captain
  9872 | D:12     | Mangled by a two-headed ogre

Levels and vault maps discovered:
D:1:      dpeg_arrival_tiny_a, layout_basic
D:2:      layout_loops_ring, elyvilon_altar_3, fedhas_altar_3,
          lemuel_coloured_pillars_altar
D:3:      layout_loops_ring, nicolae_overflow_crystal_walls, first_ration
D:4:      layout_cave_pools
D:5:      layout_basic, uniq_grinder
D:6:      layout_loops_cross
D:7:      layout_rooms, minmay_temple_entry_from_below_a
D:8:      layout_basic, lightli_ossuary_entry_decrepit_ruins
D:9:      layout_roguey, chequers_temple_overflow_statue_of_worship
D:10:     layout_roguey, zombieorc2_lemuel, grunt_tengu_nest, uniq_fannar,
          uniq_psyche
D:11:     cheibrodos_lost_city_excavation, layout_layer_cave,
          due_lair_maze_entry_diamond, enter_bailey_3, serial_shops,
          nicolae_shop_waterfront
D:12:     layout_loops_ring
D:13:     layout_rooms, david_vaults_2, serial_rivers,
          chequers_serial_rivers_small_b, chequers_serial_rivers_room_b,
          chequers_serial_rivers_small_b, chequers_serial_rivers_micro_c,
          chequers_serial_rivers_room_b, basic_altar, uniq_jorgrun

Skill      XL: |  1  2  3  4  5  6  7  8  9 10 11 |
---------------+----------------------------------+-----
Stealth        | 2 4 5 6 9 10 11 | 11.2
Evocations     | 1 2 3 4 6 7 9 |  9.0
Unarmed Combat | 4 5 7 8 10 12 13 | 13.4
Dodging        | 5 6 7 10 11 | 11.5
Fighting       | 5 7 8 |  8.1

Action                   |  1- 3 |  4- 6 |  7- 9 | 10-12 || total
-------------------------+-------+-------+-------+-------++-------
Melee: Unarmed           |    76 |   158 |   327 |   425 ||   986
       Bite              |     6 |    21 |    40 |    66 ||   133
       Punch             |       |     1 |    10 |    23 ||    34
Invok: Berserk           |     2 |     7 |    13 |    12 ||    34
       Trog's Hand       |       |       |     3 |     7 ||    10
       Brothers in Arms  |       |       |     1 |       ||     1
Evoke: Wand              |       |       |       |    10 ||    10
  Use: Scroll            |       |     4 |    10 |    10 ||    24
       Potion            |       |       |       |     2 ||     2
 Stab: Sleeping          |    12 |    10 |    20 |    21 ||    63
       Distracted        |       |       |       |     2 ||     2
       Paralysed         |       |       |       |     1 ||     1
  Eat: Chunk             |     9 |    10 |    25 |    41 ||    85
Armor: Skin              |     1 |     3 |     5 |     6 ||    15
Dodge: Dodged            |    48 |   104 |   212 |   277 ||   641

Table legend:
 A = Non-vault XP
 B = Vault XP
 C = Vault XP percentage of total XP
 D = Non-vault monster count
 E = Vault monster count
 F = Vault count percentage of total count
                 A         B        C        D         E       F
            +---------+---------+-------+---------+---------+-------
      Total |   20178 |    9194 |  31.3 |     285 |      88 |  23.6
            +---------+---------+-------+---------+---------+-------
        D:1 |      51 |       0 |   0.0 |      26 |       0 |   0.0
        D:2 |      50 |       0 |   0.0 |       9 |       0 |   0.0
        D:3 |     183 |       0 |   0.0 |      26 |       0 |   0.0
        D:4 |     222 |       0 |   0.0 |      19 |       0 |   0.0
        D:5 |     743 |     277 |  27.2 |      30 |       1 |   3.2
        D:6 |     424 |       0 |   0.0 |      17 |       0 |   0.0
        D:7 |    1041 |       0 |   0.0 |      23 |       0 |   0.0
        D:8 |     196 |       0 |   0.0 |       7 |       0 |   0.0
        D:9 |     980 |       0 |   0.0 |      16 |       0 |   0.0
       D:10 |    3982 |    3165 |  44.3 |      30 |      39 |  56.5
       D:11 |    3026 |    4121 |  57.7 |      25 |      19 |  43.2
       D:12 |    7640 |       0 |   0.0 |      44 |       0 |   0.0
       D:13 |    1640 |    1383 |  45.7 |      13 |       2 |  13.3
    Ossuary |       0 |     248 | 100.0 |       0 |      27 | 100.0
            +---------+---------+-------+---------+---------+-------
